 Dungeon Crawl Stone Soup version 0.26-a0-712-ga5a9c9c9d0 (webtiles) character file.

Game seed: 8512003321505901771

385 Azzok the Chopper (level 6, 0/47 HPs)
             Began as a Demonspawn Berserker on Nov 7, 2020.
             Was a Priest of Trog.
             Slain by an orc wizard
             ... wielding a +0 dagger
              (1 damage)
             ... on level 3 of the Dungeon.
             The game lasted 00:03:33 (3369 turns).

Azzok the Chopper (Demonspawn Berserker)            Turns: 3369, Time: 00:03:33

Health: 0/47       AC:  9    Str: 25    XL:     6   Next: 48%
Magic:  6/6        EV:  9    Int:  8    God:    Trog [***...]
Gold:   83         SH:  0    Dex: 13    Spells: 5/5 levels left

rFire    . . .     SeeInvis .   n - +0 war axe
rCold    . . .     Faith    .   (no shield)
rNeg     . . .     Spirit   .   j - +0 chain mail
rPois    .         Reflect  .   (no helmet)
rElec    .         Harm     .   l - +0 cloak
rCorr    .         Rampage  .   (no gloves)
MR       .....                  (no boots)
Stlth    ..........             (no amulet)
HPRegen  0.15/turn              i - +6 ring of strength
MPRegen  0.10/turn              (no ring)

@: confused
A: talons 2, powered by pain 1
a: Berserk, Trog's Hand, Renounce Religion


You were on level 3 of the Dungeon.
You worshipped Trog.
Trog was most pleased with you.
You visited 1 branch of the dungeon, and saw 4 of its levels.

You collected 83 gold pieces.

Inventory:

Hand Weapons
 n - a +0 war axe (weapon)
Armour
 j - a +0 chain mail (worn)
 l - a +0 cloak (worn)
Jewellery
 i - a +6 ring of strength (left hand)
Wands
 m - a wand of iceblast (3)
Scrolls
 a - a scroll of teleportation {unknown}
 b - a scroll of remove curse {unknown}
 c - 7 scrolls of identify {unknown}
 d - a scroll of amnesia {unknown}
 e - a scroll of enchant armour {unknown}
 g - a scroll of fog {unknown}
Potions
 f - a potion of curing {unknown}
 h - a potion of might {unknown}
 k - 2 potions of stabbing {unknown}
 o - a potion of ambrosia {unknown}


   Skills:
 - Level 3.0 Fighting
 + Level 6.7 Axes
 - Level 1.7 Armour
 - Level 1.7 Dodging


You had 5 spell levels left.
You didn't know any spells.
Your spell library was empty.

Dungeon Overview and Level Annotations

Branches:
Dungeon (4/15)
 Temple: D:4-7

Altars:
The Shining One


Innate Abilities, Weirdness & Mutations

You have razor-sharp toenails.
You sometimes gain a little power by taking damage.


Message History

The boomerang hits you but does no damage.
The weapon returns to the orc!
You hear some strange, mumbled words.
Something tries to affect you, but you resist.
You bump into the rock wall.
You hear some strange, mumbled words.
A magic dart appears from out of thin air!
The magic dart hits you!
* * * LOW HITPOINT WARNING * * *
You bump into the rock wall.
The orc completely misses you. Something hits you but does no damage.
You're too confused!
You bump into the rock wall.
The orc hits you with a +0 flail!
* * * LOW HITPOINT WARNING * * *
You hear some strange, mumbled words.
A puff of flame appears from out of thin air!
The puff of flame hits you.
* * * LOW HITPOINT WARNING * * *
You bump into the rock wall.
Something hits you.
You die...

▒▒▒·▒·▒▒▒·▒··▒▒▒▒▒▒▒▒▒
·····▒▒▒····▒
▒▒▒▒···▒··<▒▒·▒
·······▒·▒▒▒▒··▒ ▒▒
▒·····▒ ▒··╬ ▒▒····▒
▒··╬ ▒▒▒▒·▒ ▒▒·╬
▒▒▒▒·▒ ·▒ ▒@{··▒
▒o▒▒▒▒ ···▒ ·····╬
·······▒ ····▒▒▒▒ ····
···


You could see an orc.

Vanquished Creatures
  5 orc wizards (D:3)
  An orc priest (D:3)
  Natasha (D:3)
  4 gnolls (D:3)
  5 adders
  2 worms (D:2)
  2 dart slugs
  16 orcs
  4 giant cockroaches (D:2)
  7 hobgoblins
  5 jackals
  8 bats
  4 frilled lizards
  6 goblins
  12 kobolds
  15 rats
97 creatures vanquished.

Vanquished Creatures (others)
  20 plants
  4 toadstools (D:3)
24 creatures vanquished.

Grand Total: 121 creatures vanquished

Notes
Turn   | Place    | Note
-------+----------+-------------------------------------------
     0 | D:1      | Azzok the Demonspawn Berserker began the quest for the Orb.
     0 | D:1      | Reached XP level 1. HP: 18/18 MP: 1/1
   227 | D:1      | Reached skill level 3 in Axes
   330 | D:1      | Gained mutation: You have sharp toenails. [demonic
                  | ancestry]
   330 | D:1      | Reached XP level 2. HP: 14/24 MP: 2/2
   825 | D:1      | Reached ** piety under Trog
   929 | D:2      | Found a glowing golden altar of the Shining One.
   938 | D:2      | Gained mutation: You have razor-sharp toenails. [demonic
                  | ancestry]
   938 | D:2      | Reached XP level 3. HP: 21/29 MP: 3/3
  1149 | D:2      | Reached skill level 4 in Axes
  1462 | D:2      | Reached XP level 4. HP: 35/35 MP: 4/4
  2289 | D:3      | Reached skill level 5 in Axes
  2341 | D:3      | Noticed Natasha
  2353 | D:3      | Killed Natasha
  2353 | D:3      | Gained mutation: You sometimes gain a little power by
                  | taking damage. [demonic ancestry]
  2353 | D:3      | Reached XP level 5. HP: 32/41 MP: 5/5
  2379 | D:3      | HP: 2/41 [gnoll/+0 halberd (8)]
  2387 | D:3      | HP: 1/41 [gnoll/+0 halberd (11)]
  2607 | D:3      | Reached *** piety under Trog
  2658 | D:3      | Reached skill level 6 in Axes
  2664 | D:3      | Reached XP level 6. HP: 31/47 MP: 6/6
  3368 | D:3      | HP: 1/47 [something/puff of flame (4)]
  3369 | D:3      | Slain by an orc wizard

Illustrated notes

Levels and vault maps discovered:
D:1:      dpeg_arrival_chambers_temple_mockup, layout_rooms, dk_noncrumbling_3
D:2:      layout_basic, overflow_temple_1_default, serial_forest,
          infiniplex_forest_lined_1, infiniplex_forest_lined_room_3,
          infiniplex_forest_straight_1, infiniplex_forest_split,
          infiniplex_forest_clump_medium, infiniplex_forest_clump_small,
          infiniplex_forest_clump_tiny
D:3:      cheibrodos_fertilizer, layout_basic, nrook_mini_backslash,
          lexackson_kobold_supper, uniq_crazy_yiuf_cottage, uniq_natasha
D:4:      layout_basic, serial_bayou_lake_a

Skill      XL: |  1  2  3  4  5 |
---------------+----------------+-----
Axes           | 3 4 5 6 |  6.7
Fighting       | |  3.0
Armour         | |  1.7
Dodging        | |  1.7

Action                   |  1- 3 |  4- 6 || total
-------------------------+-------+-------++-------
Melee: Hand axe          |    96 |    67 ||   163
       Kick              |    23 |    46 ||    69
       War axe           |       |    71 ||    71
Invok: Berserk           |       |     1 ||     1
       Trog's Hand       |       |     1 ||     1
 Stab: Sleeping          |     1 |       ||     1
Armor: Animal skin       |     9 |       ||     9
       Chain mail        |    33 |    82 ||   115
       Ring mail         |     2 |       ||     2
Dodge: Dodged            |    75 |    70 ||   145

Table legend: (Time is in decaauts)
 A = Elapsed time spent in this place.
 B = Non-inter-level travel time spent in this place.
 C = Inter-level travel time spent in this place.
 D = Time resting spent in this place.
 E = Time spent auto-exploring this place.
 F = Levels seen in this place.
 G = Mean time per level.
                   A        B        C        D        E       F      G
               +--------+--------+--------+--------+--------+-----+--------+
         Total |   3415 |   3375 |     40 |    716 |   2011 |   4 |  853.8 |
       Dungeon |   3415 |   3375 |     40 |    716 |   2011 |   4 |  853.8 |
               +--------+--------+--------+--------+--------+-----+--------+

Top non-repeatable levels by time:
     D:2: 1246 daAuts
     D:3: 1038 daAuts
     D:1: 928 daAuts
     D:4: 202 daAuts
